 Dungeon Crawl Stone Soup version 0.26-a0-667-g92642533e4 (webtiles) character file.

Game seed: 4076217114510307156

525614 polo the Warrior (level 24, 190/197 HPs)
             Began as a Demonspawn Ice Elementalist on Oct 8, 2020.
             Was an Initiate of Gozag.
             Quit the game on level 4 of the Depths on Oct 16, 2020.
             The game lasted 03:06:42 (74764 turns).

polo the Warrior (Demonspawn Ice Elementalist)     Turns: 74764, Time: 03:06:44

Health: 190/197    AC: 14    Str:  8    XL:     24   Next: 25%
Magic:  43/43      EV: 26    Int: 44    God:    Gozag
Gold:   9719       SH: 13    Dex: 16    Spells: 12/55 levels left

rFire    . . .     SeeInvis +   a - +7 demon whip (elec)
rCold    + + +     Faith    .   R - +3 buckler {rC+}
rNeg     + + +     Spirit   .   X - +4 skin of Zhor {Englaciate rC+++ SInv}
rPois    +         Reflect  +   (helmet unavailable)
rElec    +         Harm     .   q - +2 cloak
rCorr    +         Rampage  .   W - +0 pair of gloves "Xeavad" {Int+4}
MR       ++...                  z - +1 pair of boots {run}
Stlth    ++........             O - amulet of Grace {Reflect *Drain rN+++ Int+3 SH+5 Stlth+}
HPRegen  2.42/turn              T - ring of Disaster {rN+ MR+ rCorr Int+3 Slay+3}
MPRegen  0.28/turn              Q - ring "Naibruam" {rElec rPois Int+7 Stlth-}

@: gold aura, studying Transmutations, quick
A: hooves 1, horns 3, cold resistance 1, passive freeze, powered by death 3,
powered by pain 3, freezing cloud immunity, sanguine armour 3
}: 3/15 runes: barnacled, silver, gossamer
a: Potion Petition, Call Merchant, Bribe Branch, Renounce Religion


You were on level 4 of the Depths.
You worshipped Gozag.
Gozag was greatly pleased with you.
You visited 9 branches of the dungeon, and saw 43 of its levels.
You also visited: Ice Cave.

You collected 27746 gold pieces.
You spent 6053 gold pieces at shops.
You paid 11974 gold pieces to Gozag.

Inventory:

Hand Weapons
 a - a +7 demon whip of electrocution (weapon)
Missiles
 n - 8 throwing nets (quivered)
Armour
 q - a +2 cloak (worn)
 z - a +1 pair of boots of running (worn)
 R - a +3 buckler of cold resistance (worn)
 W - the +0 pair of gloves "Xeavad" (worn) {Int+4}
   (You acquired it on level 15 of the Dungeon)

   It affects your intelligence (+4).
 X - the +4 skin of Zhor (worn) {Englaciate rC+++ SInv}
   (You found it on level 14 of the Dungeon)

   It renders you almost immune to cold.
   It lets you see invisible.
Jewellery
 i - an uncursed ring of protection from fire
 O - the amulet of Grace (around neck) {Reflect *Drain rN+++ Int+3 SH+5 Stlth+}
   (You found it in an ice cave)

   [amulet of reflection]

   It shields you and reflects attacks.
   It affects your intelligence (+3).
   It renders you almost immune to negative energy.
   It causes draining when unequipped.
   It affects your SH (+5).
   It makes you more stealthy.
 Q - the ring "Naibruam" (right hand) {rElec rPois Int+7 Stlth-}
   (You bought it in a shop on level 11 of the Dungeon)

   [ring of attention]

   It affects your intelligence (+7).
   It insulates you from electricity.
   It protects you from poison.
   It makes you less stealthy.
 T - the ring of Disaster (left hand) {rN+ MR+ rCorr Int+3 Slay+3}
   (You found it on level 12 of the Dungeon)

   [ring of resist corrosion]

   It affects your intelligence (+3).
   It affects your accuracy and damage with ranged weapons and melee attacks
   (+3).
   It protects you from negative energy.
   It affects your resistance to hostile enchantments.
   It provides partial protection from all sources of acid and corrosion.
Wands
 s - a wand of enslavement (10)
 A - a wand of digging (13)
 C - a wand of paralysis (53)
 F - a wand of flame (9)
 G - a wand of iceblast (21)
 J - a wand of acid (13)
Scrolls
 b - 2 scrolls of enchant armour
 e - 16 scrolls of remove curse
 g - 5 scrolls of blinking
 j - 4 scrolls of vulnerability
 l - 18 scrolls of teleportation
 o - 5 scrolls of torment
 p - 9 scrolls of fog
 u - 5 scrolls of magic mapping
 v - 3 scrolls of fear
 w - 5 scrolls of immolation
 y - 12 scrolls of amnesia
 H - 2 scrolls of summoning
 U - 17 scrolls of identify
 V - 3 scrolls of silence
Potions
 c - 8 potions of flight
 d - 7 potions of heal wounds
 f - 16 potions of mutation
 k - 22 potions of curing
 m - 6 potions of berserk rage
 r - 7 potions of resistance
 t - 3 potions of magic
 x - 7 potions of haste
 B - 4 potions of invisibility
 D - 7 potions of stabbing
 E - 6 potions of ambrosia
 I - 6 potions of lignification
 M - 4 potions of cancellation
 N - 6 potions of brilliance
 Z - 5 potions of might
Books
 Y - a manual of Transmutations
Miscellaneous
 h - a box of beasts (3/3)
 K - a phantom mirror
 L - a condenser vane (2/2)
 P - a tin of tremorstones (3/3)
 S - a phial of floods


   Skills:
 - Level 18.0 Fighting
 - Level 12.0 Maces & Flails
 - Level 10.4 Armour
 + Level 17.6 Dodging
 - Level 1.7 Stealth
 - Level 4.0 Shields
 - Level 16.0 Spellcasting
 - Level 16.0 Conjurations
 - Level 3.0 Summonings
 - Level 10.0 Necromancy
 - Level 10.0 Transmutations
 - Level 16.0 Ice Magic
 - Level 4.0 Air Magic
 - Level 6.0 Earth Magic
 - Level 7.4 Evocations


You had 12 spell levels left.
You knew the following spells:

 Your Spells              Type           Power        Failure   Level
a - Freeze                Ice            ####         0%          1
b - Frozen Ramparts       Ice            ######       0%          3
c - Ozocubu's Armour      Ice            ########     0%          3
d - Hailstorm             Conj/Ice       ########     0%          4
e - Summon Ice Beast      Ice/Summ       #######.     1%          4
f - Mephitic Cloud        Conj/Pois/Air  #######.     1%          3
g - Freezing Cloud        Conj/Ice/Air   #######...   1%          6
h - Sublimation of Blood  Necr           #######...   1%          2
i - Iron Shot             Conj/Erth      #######...   1%          6
j - Statue Form           Tmut/Erth      #######..    4%          6
k - Borgnjor's Vile Clut  Necr/Erth      #######...   1%          5

Your spell library contained the following spells:

 Spells                   Type           Power        Failure   Level
 Animate Skeleton         Necr           ######       0%          1
 Magic Dart               Conj           ####         0%          1
 Pain                     Necr           ####         0%          1
 Apportation              Tloc           #####.       1%          1
 Corona                   Hex            #####..      1%          1
 Foxfire                  Conj/Fire      ####         1%          1
 Sandblast                Erth           ######       1%          1
 Summon Small Mammal      Summ           ####         1%          1
 Blink                    Tloc           N/A          1%          2
 Call Imp                 Summ           ######..     1%          2
 Corpse Rot               Necr/Air       N/A          1%          2
 Passwall                 Tmut/Erth      #######.     1%          2
 Poisonous Vapours        Pois/Air       ######       1%          2
 Slow                     Hex            #####...     1%          2
 Call Canine Familiar     Summ           ######..     1%          3
 Conjure Flame            Conj/Fire      #######.     1%          3
 Ignite Poison            Fire/Tmut/Pois ######..     1%          3
 Spider Form              Tmut/Pois      ######....   1%          3
 Static Discharge         Conj/Air       #######.     1%          3
 Stone Arrow              Conj/Erth      ######       1%          3
 Summon Guardian Golem    Hex/Summ       #####...     1%          3
 Vampiric Draining        Necr           #######...   1%          3
 Animate Dead             Necr           #######...   1%          4
 Dispel Undead            Necr           #######.     1%          4
 Leda's Liquefaction      Hex/Erth       ######....   1%          4
 Petrify                  Tmut/Erth      #######.     1%          4
 Summon Lightning Spire   Summ/Air       ######..     1%          4
 Agony                    Necr           #######.     1%          5
 Excruciating Wounds      Necr           #######...   1%          5
 Fireball                 Conj/Fire      #######...   1%          5
 Irradiate                Conj/Tmut      #######...   1%          5
 Lightning Bolt           Conj/Air       #######...   1%          5
 Metabolic Englaciation   Hex/Ice        #######...   1%          5
 Hydra Form               Tmut           #######...   1%          6
 Confusing Touch          Hex            #####...     2%          3
 Gell's Gravitas          Tloc           #####.....   2%          3
 Inner Flame              Hex/Fire       #####...     2%          3
 Lesser Beckoning         Tloc           #####.....   2%          3
 Portal Projectile        Hex/Tloc       #####.       2%          3
 Tukima's Dance           Hex            #####...     2%          3
 Alistair's Intoxication  Tmut/Pois      ######...    2%          5
 Yara's Violent Unravell  Hex/Tmut       ######....   2%          5
 Starburst                Conj/Fire      #######...   4%          6
 Summon Demon             Summ           ######....   6%          5
 Cause Fear               Hex            #####.....   7%          4
 Olgreb's Toxic Radiance  Pois           #####...     7%          4
 Silence                  Hex/Air        ######....   9%          5
 Dragon Form              Tmut           #######...   10%         7
 Summon Forest            Summ/Tloc      #####.....   11%         5
 Summon Mana Viper        Hex/Summ       #####...     11%         5
 Eringya's Noxious Bog    Tmut/Pois      ######....   14%         6
 Shadow Creatures         Summ           N/A          32%         6
 Invisibility             Hex            #####...     73%         6
 Summon Hydra             Summ           ######....   87%         7
 Disjunction              Tloc           #####.....   100%        8
 Ignition                 Fire           #####.....   100%        8
 Dragon's Call            Summ           ######....   100%        9
 Shatter                  Erth           ######....   100%        9
 Tornado                  Air            ######....   100%        9


Dungeon Overview and Level Annotations

Branches:
Dungeon (15/15)            Temple (1/1) D:4            Lair (6/6) D:11
 Shoals (4/4) Lair:3       Spider (4/4) Lair:2        Slime (0/5) Lair:6
    Orc (2/2) D:11            Elf (3/3) Orc:2        Vaults (5/5) D:14
  Crypt (0/3) Vaults:2     Depths (2/5) D:15          IceCv (visited)

Altars:
Ashenzari
Cheibriados
Dithmenos
Elyvilon
Fedhas
Gozag
Hepliaklqana
Kikubaaqudgha
Makhleb
Nemelex Xobeh
Okawaru
Qazlal
Ru
Sif Muna
Trog
Uskayaw
Vehumet
Wu Jian
Xom
Yredelemnul
Zin
The Shining One
Beogh
Jiyva

Shops:
D:11 *=?*[   D:15 [   Orc:2 :!:?   Shoals:3 =   Vaults:1 *   Vaults:2 (
Depths:2 :([

Portals:
Hell: Depths:1
Abyss: Depths:1

Annotations:
Lair:1 exclusion: oklob plant
Shoals:1 2 runed translucent doors, archon2's ghost, adept DEFE
Shoals:3 1 runed translucent door, popps's ghost, adept GrFi


Innate Abilities, Weirdness & Mutations

You have a pair of large horns on your head.
Your flesh is cold resistant. (rC+)
A frigid envelope surrounds you and freezes all who hurt you.
You regenerate a lot of health from kills.
You are powered by pain.
You are immune to freezing clouds.
When seriously injured, your bleeding wounds create very thick armour. (AC +0)
You have large cloven feet.


Message History

You hit the tengu reaver.
Lightning courses through the tengu reaver!
The tengu reaver is almost dead.
You whack the tengu reaver!
Lightning courses through the tengu reaver!
You kill the tengu reaver!
The battlesphere dissipates.
You now have 9719 gold pieces (gained 6).
Things that are here:
a +0 great mace; a +0 ring mail Quiver which item? (- for none, * to show all) (? for menu, Esc to quit)
Okay, then.
Welcome back, polo the Demonspawn Ice Elementalist.
Gozag says: Greed is good.
Press ? for a list of commands and other information.
Unknown command.
Welcome back, polo the Demonspawn Ice Elementalist.
Gozag says: Greed is good.
Press ? for a list of commands and other information.
Are you sure you want to abandon this character and quit the game? (Confirm with "yes".)

≈# ≈# .# ≈# .# ≈# ..#
≈# ..# ≈# ≈..#
≈#################≈..#
≈≈≈≈≈≈≈≈≈≈≈≈≈≈≈≈≈≈≈..#
................@.(8.#
................○....#
######################


There were no monsters in sight!

Vanquished Creatures
  Mara (Spider:4)
  Bai Suzhen (Depths:2)
  The ghost of AgonHex the Hoplite, a veteran HOFi of Qazlal (Vaults:3)
  Margery (Vaults:4)
  Jory (Vaults:2)
  A golden dragon (Vaults:5)
  3 tentacled monstrosities (Vaults:5)
  Asterion (Spider:1)
  3 deep elf master archers
  4 titans (Vaults:5)
  A quicksilver dragon (Vaults:5)
  2 deep elf blademasters
  The ghost of osinmv the Tortoise, an adept DDFi of Makhleb (Shoals:2)
  6 sphinxes
  Frances (Spider:1)
  A shadow dragon (shapeshifter) (Vaults:5)
  5 krakens
  A revenant (Vaults:2)
  Kirke (Spider:2)
  3 shadow dragons (Vaults:5)
  3 fire giants
  5 tengu reavers
  Roxanne (Spider:1)
  6 frost giants
  Aizul (Spider:4)
  6 orc warlords
  8 deep elf sorcerers
  5 emperor scorpions (Spider:4)
  2 ghost moths
  Louise (Shoals:1)
  19 vault wardens
  13 ironheart preservers
  2 deep elf elementalists (Elf:3)
  3 war gargoyles (Vaults:5)
  13 very ugly things
  14 stone giants
  7 deep elf demonologists
  An entropy weaver (shapeshifter) (Vaults:5)
  9 entropy weavers
  Azrael (Elf:2)
  2 spark wasps
  16 deep elf annihilators
  A dire elephant (D:15)
  Snorg (D:13)
  A quicksilver dragon zombie (Vaults:5)
  2 merfolk javelineers
  An eidolon (Vaults:2)
  6 ettins
  17 deep elf death magi
  2 jiangshi (Depths:1)
  6 merfolk impalers
  7 fire dragons
  8 deep elf high priests (Elf:3)
  7 great orbs of eyes
  11 yaktaur captains
  5 boulder beetles
  A hydra (Lair:4)
  36 vault guards
  7 ice dragons
  6 rakshasas
  2 alligator snapping turtles
  5 merfolk aquamancers
  36 two-headed ogres
  14 ogre magi
  4 merfolk avatars
  5 tengu warriors
  A death knight (D:13)
  5 deep troll shamans
  6 deep troll earth magi
  A queen ant (shapeshifter) (Vaults:5)
  9 centaur warriors
  10 death yaks
  A titan zombie (Vaults:3)
  8 death scarabs (Spider:4)
  2 satyrs
  Urug (Lair:3)
  5 orc high priests (Orc:2)
  A vampire mage (Depths:1)
  A shock serpent (shapeshifter) (Vaults:1)
  A storm dragon zombie (Vaults:3)
  17 deep elf knights
  6 hell knights
  16 skeletal warriors
  A fire crab (shapeshifter) (Vaults:1)
  A shadow wraith (Vaults:2)
  10 sea snakes
  6 unseen horrors
  A glowing orange brain (shapeshifter) (Elf:2)
  3 glowing orange brains
  A flayed ghost (Vaults:5)
  19 ironbrand convokers
  20 deep trolls
  9 wizards (D:12)
  2 spectral wolf spiders (Spider:4)
  4 phantasmal warriors
  10 deep elf archers
  23 orc knights
  23 harpies
  A frost giant zombie (Vaults:4)
  4 wolf spider zombies
  4 orc sorcerers
  10 necromancers
  12 fauns
  14 orb spiders
  2 shining eyes (shapeshifter) (Vaults:5)
  18 manticores
  32 ugly things
  25 wolf spiders
  A human zombie (Vaults:4)
  2 fire giant zombies
  A manticore (shapeshifter) (Depths:2)
  4 moths of wrath
  2 stone giant zombies
  61 deep elf magi
  11 cyclopes
  2 moths of wrath (shapeshifter)
  12 merfolk sirens
  3 black mambas
  A frost giant skeleton (Depths:1)
  8 elephants
  A naga mage (D:15)
  5 water nymphs (Shoals:4)
  15 vault sentinels
  3 gargoyles (D:15)
  An ice statue (IceCv)
  14 cane toads
  A torpor snail (Spider:2)
  A cane toad (shapeshifter) (Depths:1)
  3 rime drakes
  A spectral redback (Spider:4)
  A kobold demonologist (D:14)
  A redback zombie (Spider:4)
  A rime drake (shapeshifter) (Vaults:5)
  7 freezing wraiths
  An efreet (D:14)
  13 demonic crawlers
  4 tengu conjurers
  9 komodo dragons
  64 yaktaurs
  A meliai (shapeshifter) (Elf:2)
  12 trolls
  3 meliai (D:15)
  A queen bee (shapeshifter) (Vaults:2)
  25 polar bears
  21 merfolk
  7 wind drakes
  12 blink frogs
  3 spectral jumping spiders (Spider:4)
  27 jumping spiders
  A dream sheep (shapeshifter) (Elf:3)
  12 hornets
  3 tarantella zombies (Spider:4)
  3 spectral tarantellas (Spider:4)
  A hornet (shapeshifter) (Elf:1)
  2 jumping spider zombies (Spider:4)
  A raiju (Lair:6)
  17 snapping turtles
  An ettin zombie (Vaults:5)
  15 slime creatures
  A snapping turtle (shapeshifter) (D:15)
  3 dream sheep (Shoals:2)
  A wind drake (shapeshifter) (Vaults:3)
  A stone giant simulacrum (Vaults:5)
  70 redbacks
  A shadow (D:14)
  2 air elementals
  18 tarantellas
  2 wyverns
  19 water elementals
  A yak (shapeshifter) (Vaults:1)
  6 fire elementals
  6 wraiths
  4 basilisks
  62 yaks
  2 hogs (Spider:2)
  A steam dragon (D:9)
  4 vampire mosquitoes
  2 acid dragons
  A yaktaur simulacrum (Depths:1)
  Edmund (D:5)
  9 wargs
  Menkaure (D:5)
  2 floating eyes (Depths:1)
  15 hell hounds
  16 water moccasins
  A deep troll skeleton (Vaults:4)
  A spectral hornet (Spider:4)
  An ice beast (D:10)
  67 orc warriors
  2 black bears (shapeshifter)
  An eye of draining (shapeshifter) (Vaults:1)
  4 phantoms
  2 hornet zombies
  A necrophage (D:10)
  44 ogres
  6 sky beasts
  12 black bears
  An elf zombie (Vaults:3)
  33 wolves
  19 centaurs
  3 boggarts (Depths:1)
  5 big kobolds
  20 bullfrogs
  2 earth elementals
  6 gnoll sergeants (D:11)
  A wyvern zombie (D:10)
  5 scorpions
  17 killer bees
  An orc simulacrum (Vaults:1)
  7 howler monkeys
  13 wights
  A nameless horror (Lair:3)
  2 electric eels
  A vampire bat (D:4)
  3 jellies
  2 bullfrog skeletons
  3 bullfrog zombies
  5 centaur zombies
  6 hounds
  40 orc priests
  3 centaur skeletons
  22 orc wizards
  3 iguanas
  An iguana (shapeshifter) (Vaults:4)
  Ijyb (D:5)
  A hell rat (D:11)
  9 worker ants
  A hound zombie (D:7)
  A hound skeleton (D:6)
  2 worker ant zombies
  2 howler monkey skeletons
  14 adders
  4 gnolls
  3 river rats (D:11)
  3 shadow imps
  2 white imps
  2 ufetubi
  An adder skeleton (D:7)
  3 worms
  4 leopard geckos
  136 orcs
  2 ball pythons
  8 bats
  5 giant cockroaches
  9 goblins
  8 hobgoblins
  14 jackals
  8 kobolds
  5 quokkas
  A ball python skeleton (D:5)
  2 frilled lizards (D:1)
  A quokka skeleton (D:4)
  8 rats
  8 tentacles
2022 creatures vanquished.

Vanquished Creatures (collateral kills)
  Mennas (Vaults:2)
  Rupert (Lair:6)
  A vault guard (D:14)
  2 hydras
  A catoblepas (Lair:3)
  A deep elf archer (Elf:2)
  An orb spider (Spider:4)
  A wolf spider (Spider:3)
  An elephant (Lair:3)
  Maurice (D:8)
  2 merfolk sirens (Lair:3)
  A demonic crawler (Spider:3)
  A tarantella (Spider:1)
  A wyvern (Lair:3)
  A basilisk (Lair:1)
  7 yaks
  A water moccasin (Lair:3)
  A bullfrog (D:11)
  A wight (D:6)
  An orc priest (Orc:2)
  A river rat (D:11)
  2 orcs (Orc:2)
31 creatures vanquished.

Vanquished Creatures (others)
  22 dancing weapons
  A rime drake (shapeshifter) (Elf:1)
  A slime creature (Depths:1)
  A tarantella (Spider:4)
  A boggart (Depths:1)
  25 fungi
  84 plants
  22 tentacles
157 creatures vanquished.

Grand Total: 2210 creatures vanquished

Notes
Turn   | Place    | Note
-------+----------+-------------------------------------------
     0 | D:1      | polo the Demonspawn Ice Elementalist began the quest for
                  | the Orb.
     0 | D:1      | Reached XP level 1. HP: 13/13 MP: 3/3
    26 | D:1      | You fall into a shaft and drop 1 floor!
    50 | D:2      | Noticed a bullfrog
   218 | D:2      | Gained mutation: You have a pair of small horns on your
                  | head. [demonic ancestry]
   218 | D:2      | Reached XP level 2. HP: 9/19 MP: 0/5
   845 | D:2      | Gained mutation: You regenerate a little health from kills.
                  | [demonic ancestry]
   845 | D:2      | Reached XP level 3. HP: 20/24 MP: 0/6
  1015 | D:2      | Learned a level 3 spell: Frozen Ramparts
  1028 | D:2      | Killed a bullfrog
  1028 | D:2      | Gained mutation: When seriously injured, your bleeding
                  | wounds create armour. (AC +0) [demonic ancestry]
  1028 | D:2      | Reached XP level 4. HP: 30/30 MP: 3/8
  1244 | D:1      | Reached skill level 5 in Ice Magic
  2376 | D:3      | Found a radiant altar of Vehumet.
  2426 | D:3      | Reached XP level 5. HP: 33/35 MP: 5/9
  3442 | D:3      | Reached XP level 6. HP: 40/41 MP: 9/11
  3820 | D:4      | Found a staircase to the Ecumenical Temple.
  3871 | Temple   | Entered the Ecumenical Temple
  4147 | D:4      | Found a snail-covered altar of Cheibriados.
  4325 | D:4      | Found a basalt altar of Yredelemnul.
  4800 | D:4      | You fall into a shaft and drop 1 floor!
  4800 | D:5      | Entered Level 5 of the Dungeon
  4849 | D:5      | Gained mutation: You regenerate health from kills. [demonic
                  | ancestry]
  4849 | D:5      | Reached XP level 7. HP: 38/46 MP: 7/13
  4912 | D:5      | Noticed Menkaure
  4924 | D:5      | Killed Menkaure
  4935 | D:5      | Learned a level 3 spell: Ozocubu's Armour
  4940 | D:5      | Learned a level 4 spell: Hailstorm
  4945 | D:5      | Learned a level 4 spell: Summon Ice Beast
  4995 | D:5      | Noticed Edmund
  5015 | D:5      | Killed Edmund
  5144 | D:5      | Reached skill level 1 in Fighting
  5336 | D:5      | Reached skill level 1 in Shields
  5707 | D:5      | Found a glowing golden altar of the Shining One.
  5766 | D:5      | Found an opulent altar of Gozag.
  5766 | D:5      | Noticed Ijyb
  5771 | D:5      | Killed Ijyb
  5771 | D:5      | Reached skill level 2 in Fighting
  5771 | D:5      | Gained mutation: You sometimes gain a little power by
                  | taking damage. [demonic ancestry]
  5771 | D:5      | Reached XP level 8. HP: 53/56 MP: 10/14
  5777 | D:5      | Became a worshipper of Gozag Ym Sagoz the Greedy
  6006 | D:5      | Got a warped leather armour
  6017 | D:5      | Identified the cursed +1 leather armour "Meaguilu" {*Slow
                  | Int+3 Dex+6} (You found it on level 5 of the Dungeon)
  6086 | D:5      | Got a shadowed robe
  6091 | D:5      | Identified the cursed +0 robe of Licrior {+Fly rF+ MR-}
                  | (You found it on level 5 of the Dungeon)
  6797 | D:6      | Reached skill level 3 in Fighting
  7190 | D:6      | Found a shimmering blue altar of Sif Muna.
  8008 | D:7      | Found a white marble altar of Elyvilon.
  8050 | D:7      | Found a shadowy altar of Dithmenos.
  8182 | D:7      | Reached skill level 1 in Summonings
  8344 | D:7      | Reached skill level 1 in Conjurations
  8463 | D:7      | Found a glowing silver altar of Zin.
  8463 | D:7      | Noticed an angel
  8700 | D:8      | Reached skill level 4 in Fighting
  8700 | D:8      | Gained mutation: You sometimes gain power by taking damage.
                  | [demonic ancestry]
  8700 | D:8      | Reached XP level 9. HP: 65/65 MP: 7/15
  8723 | D:8      | Noticed a two-headed ogre
  8744 | D:8      | Killed a two-headed ogre
  8991 | D:8      | Found a sacrificial altar of Ru.
  8994 | D:8      | Found an opulent altar of Gozag.
  8996 | D:8      | Found an ornate altar of the Wu Jian Council.
  8999 | D:8      | Found a shimmering altar of Xom.
  9101 | D:8      | Found a stormy altar of Qazlal.
  9239 | D:8      | Reached skill level 5 in Fighting
  9249 | D:8      | Reached skill level 10 in Ice Magic
  9448 | D:8      | Noticed Maurice
  9461 | D:8      | Killed Maurice
  9461 | D:8      | Reached skill level 6 in Fighting
  9461 | D:8      | Reached skill level 5 in Spellcasting
  9461 | D:8      | Gained mutation: You have a pair of horns on your head.
                  | [demonic ancestry]
  9461 | D:8      | Reached XP level 10. HP: 63/76 MP: 1/17
 10392 | D:9      | Noticed a two-headed ogre
 10408 | D:9      | Killed a two-headed ogre
 10947 | D:10     | Entered Level 10 of the Dungeon
 10987 | D:10     | Reached skill level 7 in Fighting
 12058 | D:10     | Reached skill level 8 in Fighting
 12119 | D:10     | Noticed a tengu warrior
 12131 | D:10     | Killed an unseen horror
 12135 | D:10     | Killed a tengu warrior
 12135 | D:10     | Gained mutation: You are powered by pain. [demonic
                  | ancestry]
 12135 | D:10     | Reached XP level 11. HP: 50/87 MP: 6/23
 12146 | D:10     | Got a wavering glass ring
 12149 | D:10     | Identified the ring "Cuedya" {Dex+6 Stlth+} (You found it
                  | on level 10 of the Dungeon)
 12823 | D:10     | Reached skill level 1 in Evocations
 13185 | D:11     | Reached skill level 9 in Fighting
 13206 | D:11     | Got a shimmering rapier
 13207 | D:11     | Identified the +4 rapier "Hauvinn" {antimagic, MP+9} (You
                  | found it on level 11 of the Dungeon)
 13597 | D:11     | Found a staircase to the Orcish Mines.
 13824 | D:11     | Killed an unseen horror
 14028 | D:11     | Noticed a tengu warrior
 14029 | D:11     | Noticed a tengu warrior
 14059 | D:11     | Killed a tengu warrior
 14294 | D:11     | Noticed a death yak
 14297 | D:11     | Noticed a death yak
 14298 | D:11     | Noticed a death yak
 14320 | D:11     | Killed a death yak
 14320 | D:11     | Reached skill level 10 in Fighting
 14366 | D:11     | Killed a death yak
 14366 | D:11     | Reached skill level 5 in Evocations
 14427 | D:11     | Killed a death yak
 14427 | D:11     | Reached skill level 10 in Spellcasting
 14668 | D:11     | Reached XP level 12. HP: 84/97 MP: 22/26
 14877 | D:11     | Found a staircase to the Lair.
 14983 | D:11     | Killed a tengu warrior
 15528 | Lair:1   | Entered Level 1 of the Lair of Beasts
 15761 | Lair:1   | Reached skill level 1 in Armour
 16391 | Lair:1   | Found a broken altar of Ashenzari.
 17180 | Lair:2   | Reached skill level 5 in Dodging
 17247 | Lair:2   | Found a hole to the Spider Nest.
 17270 | Lair:2   | Reached skill level 5 in Armour
 18417 | Lair:3   | Found a staircase to the Shoals.
 18589 | Lair:3   | Gained mutation: You regenerate a lot of health from kills.
                  | [demonic ancestry]
 18589 | Lair:3   | Reached XP level 13. HP: 103/103 MP: 24/27
 19323 | Lair:3   | You fall into a shaft and drop 1 floor!
 19369 | Lair:4   | Found a frozen archway.
 19382 | IceCv    | Entered an ice cave
 19525 | IceCv    | Learned a level 3 spell: Mephitic Cloud
 20188 | IceCv    | HP: 4/103 [ice statue/shard of ice (16)]
 20704 | IceCv    | Noticed a frost giant
 20705 | IceCv    | Found the amulet of the Air {Inacc +Fly rElec EV+5 RMsl}
 20734 | IceCv    | Reached skill level 11 in Fighting
 21241 | IceCv    | Killed a frost giant
 21611 | IceCv    | Got a crude brass amulet
 21622 | IceCv    | Identified the amulet of Grace {Reflect *Drain rN+++ Int+3
                  | SH+5 Stlth+} (You found it in an ice cave)
 22213 | Lair:4   | Reached skill level 12 in Fighting
 23149 | Lair:3   | Noticed Urug
 23185 | Lair:3   | Killed Urug
 23865 | Lair:5   | Gained mutation: You have a pair of large horns on your
                  | head. [demonic ancestry]
 23865 | Lair:5   | Reached XP level 14. HP: 116/116 MP: 26/28
 24658 | Lair:5   | Reached skill level 13 in Fighting
 25130 | Lair:6   | Entered Level 6 of the Lair of Beasts
 25166 | Lair:6   | Found a staircase to the Slime Pits.
 25167 | Lair:6   | Found a viscous altar of Jiyva.
 25660 | Lair:6   | Reached skill level 14 in Fighting
 26736 | Lair:6   | Noticed Rupert
 26747 | Lair:6   | Killed Rupert
 27378 | Orc:1    | Entered Level 1 of the Orcish Mines
 27906 | Orc:2    | Entered Level 2 of the Orcish Mines
 28402 | Orc:2    | Found a roughly hewn altar of Beogh.
 28654 | Orc:2    | Found Qataotom's Magic Scroll Boutique.
 28691 | Orc:2    | Bought a scroll of identify for 28 gold pieces
 28698 | Orc:2    | Found Riroirr's Book Shop.
 29544 | Orc:2    | Found Rossysti's Distillery.
 29752 | Orc:2    | Noticed an orc warlord
 29785 | Orc:2    | Killed an orc warlord
 29887 | Orc:2    | Reached XP level 15. HP: 126/126 MP: 29/29
 29915 | Orc:2    | Found a roughly hewn altar of Beogh.
 30260 | Orc:2    | Found Baheto's Book Shop.
 30402 | Orc:2    | Found a staircase to the Elven Halls.
 30792 | D:11     | Bought the ring "Naibruam" {rElec rPois Int+7 Stlth-} for
                  | 484 gold pieces
 30800 | D:11     | Bought a glimmering leather armour for 273 gold pieces
 30800 | D:11     | Bought a scroll of enchant armour for 292 gold pieces
 30810 | D:11     | Identified the cursed +0 leather armour of Reottoli
                  | {*Contam Rampage *Drain Int+8} (You bought it in a shop on
                  | level 11 of the Dungeon)
 30810 | D:11     | Bought a runed robe for 144 gold pieces
 32125 | D:12     | Got an ancient tin ring
 32127 | D:12     | Identified the ring of Disaster {rN+ MR+ rCorr Int+3
                  | Slay+3} (You found it on level 12 of the Dungeon)
 32420 | D:12     | Upgraded the game from 0.26-a0-661-g406de6ba63 to
                  | 0.26-a0-662-g8b9c6dab81
 32766 | D:13     | Noticed Snorg
 33179 | D:13     | Reached skill level 10 in Armour
 33179 | D:13     | Reached skill level 10 in Dodging
 33306 | D:13     | Killed Snorg
 34341 | D:14     | Got a heavily runed glass ring
 34383 | D:14     | Found a gate to the Vaults.
 34736 | D:14     | Found the +4 skin of Zhor {Englaciate rC+++ SInv}
 34761 | D:14     | Identified the ring "Pab Uxam" {*Corrode rPois Str+4 Dex+6}
                  | (You found it on level 14 of the Dungeon)
 35120 | D:15     | Entered Level 15 of the Dungeon
 35163 | D:15     | Reached skill level 1 in Air Magic
 35887 | D:15     | Gained mutation: Your flesh is cold resistant. (rC+)
                  | [demonic ancestry]
 35887 | D:15     | Reached XP level 16. HP: 80/133 MP: 26/32
 36072 | D:15     | Found a staircase to the Depths.
 36363 | D:15     | Learned a level 6 spell: Freezing Cloud
 36785 | D:15     | Identified a scroll of acquirement
 36796 | D:15     | Acquired the +0 pair of gloves "Xeavad" {Int+4}
 37115 | Spider:1 | Entered Level 1 of the Spider Nest
 37226 | Spider:1 | Identified Roxanne's Handbook of Stones
 37226 | Spider:1 | Noticed Roxanne
 37247 | Spider:1 | Killed Roxanne
 37247 | Spider:1 | Reached skill level 5 in Conjurations
 37520 | Spider:1 | Noticed Asterion
 37562 | Spider:1 | Killed Asterion
 37585 | Spider:1 | Noticed Frances
 37601 | Spider:1 | Killed Frances
 37839 | Spider:1 | Got an encrusted hunting sling
 37840 | Spider:1 | Identified the +7 hunting sling "Reatim" {vorpal, Fragile
                  | MR+ SInv} (You found it on level 1 of the Spider Nest)
 38008 | Spider:1 | Reached skill level 1 in Maces & Flails
 40713 | Spider:2 | Noticed Kirke
 40725 | Spider:2 | Killed Kirke
 42303 | Spider:3 | Acquired 949 gold pieces
 42524 | Orc:2    | Bought a book of Death for 840 gold pieces
 42527 | Orc:2    | Learned a level 2 spell: Sublimation of Blood
 42741 | Spider:4 | Entered Level 4 of the Spider Nest
 42837 | Spider:4 | Reached skill level 1 in Necromancy
 42945 | Spider:4 | Reached XP level 17. HP: 118/139 MP: 30/33
 42948 | Spider:4 | Reached skill level 5 in Maces & Flails
 43603 | Spider:4 | Identified the Collected Works on Unstable Poisoning
 44237 | Spider:4 | Noticed Mara
 44265 | Spider:4 | Killed Mara
 44265 | Spider:4 | Reached skill level 5 in Necromancy
 44665 | Spider:4 | Reached skill level 10 in Conjurations
 45192 | Spider:4 | Got a gossamer rune of Zot
 45225 | Spider:4 | Noticed Aizul
 45245 | Spider:4 | Killed Aizul
 45648 | Elf:1    | Entered Level 1 of the Elven Halls
 46733 | Elf:1    | Gained mutation: You are immune to freezing clouds.
                  | [demonic ancestry]
 46733 | Elf:1    | Reached XP level 18. HP: 144/146 MP: 19/34
 47651 | Shoals:1 | Entered Level 1 of the Shoals
 48251 | Shoals:1 | Noticed Louise
 48263 | Shoals:1 | Killed Louise
 49045 | Shoals:1 | Found a large runed translucent door.
 49045 | Shoals:1 | Found a large runed translucent door.
 49049 | Shoals:1 | Noticed archon2's ghost (adept DEFE)
 49588 | Shoals:2 | Found a transporter.
 49709 | Shoals:2 | Identified the +15 plate armour of Udihip Ohot {rN+} (You
                  | found it on level 2 of the Shoals)
 49897 | Shoals:2 | Learned a level 6 spell: Iron Shot
 50105 | Shoals:2 | Found a transporter.
 50109 | Shoals:2 | Noticed osinmv's ghost (adept DDFi)
 50120 | Shoals:2 | Reached skill level 1 in Earth Magic
 50146 | Shoals:2 | Killed osinmv's ghost
 50226 | Shoals:2 | Got a slimy glass ring
 50232 | Shoals:2 | Identified the ring of Wekiboi {+Inv rElec rC- MP+9 Dex+4}
                  | (You found it on level 2 of the Shoals)
 50718 | D:11     | Bought a scroll of acquirement for 520 gold pieces
 50718 | D:11     | Acquired 1023 gold pieces
 50722 | D:11     | Bought a torn book for 420 gold pieces
 50722 | D:11     | Bought a scroll of acquirement for 1456 gold pieces
 50723 | D:11     | Acquired 836 gold pieces
 51138 | Shoals:3 | Reached skill level 10 in Maces & Flails
 51410 | Shoals:3 | Found a runed translucent door.
 51410 | Shoals:3 | Noticed popps's ghost (adept GrFi)
 51514 | Shoals:3 | Found Vyatiun's Jewellery Shoppe.
 51787 | Shoals:4 | Entered Level 4 of the Shoals
 51787 | Shoals:4 | Found the +10 tower shield of Ignorance {rN+ Int-4}
 51833 | Shoals:4 | Got a buzzing dagger
 51834 | Shoals:4 | Identified the +6 dagger of Mioddal {flame, *Contam rF+++
                  | MR+ Int+3} (You found it on level 4 of the Shoals)
 51861 | Shoals:4 | Gained mutation: You have large cloven feet. [mutagenic
                  | glow]
 52288 | Shoals:4 | Reached XP level 19. HP: 153/153 MP: 5/36
 52301 | Shoals:4 | Got a barnacled rune of Zot
 52930 | Shoals:4 | Reached skill level 15 in Fighting
 53685 | Vaults:1 | Entered Level 1 of the Vaults
 54566 | Vaults:1 | Found Biblutae's Assorted Antiques.
 55783 | Vaults:2 | Reached skill level 16 in Fighting
 56463 | Vaults:2 | Noticed Mennas
 56482 | Vaults:2 | Killed Mennas
 56482 | Vaults:2 | Reached XP level 20. HP: 69/164 MP: 32/38
 56942 | Vaults:2 | Reached skill level 15 in Ice Magic
 57120 | Vaults:2 | Noticed Jory
 57154 | Vaults:2 | Killed Jory
 57379 | Vaults:2 | Found a staircase to the Crypt.
 57473 | Vaults:2 | Got a scintillating granite ring
 57474 | Vaults:2 | Identified the ring of Scepticism {*Tele Int+3} (You found
                  | it on level 2 of the Vaults)
 57751 | Vaults:2 | Found Fugasa's Antique Weapon Emporium.
 58430 | Vaults:3 | Got a bound platinum amulet
 58816 | Vaults:3 | Found a runed translucent gate.
 58816 | Vaults:3 | Found a runed translucent gate.
 58816 | Vaults:3 | Found a runed translucent gate.
 58817 | Vaults:3 | Noticed AgonHex's ghost (veteran HOFi)
 59347 | Vaults:3 | Identified the amulet "Dafic" {+Fly rN+++ Regen+ Str-2
                  | Dex-4} (You found it on level 3 of the Vaults)
 59570 | Vaults:3 | Identified the +2 robe of Syrphoygy {Harm MR++ Int-4 Dex+2}
 59574 | Vaults:3 | Found an iron altar of Okawaru.
 59644 | Vaults:3 | HP: 7/167 [AgonHex's ghost (17)]
 59651 | Vaults:3 | Killed AgonHex's ghost
 59959 | Vaults:4 | Reached skill level 17 in Fighting
 59959 | Vaults:4 | Reached skill level 15 in Spellcasting
 60096 | Vaults:4 | Noticed Margery
 60130 | Vaults:4 | Killed Margery
 60130 | Vaults:4 | Gained mutation: When seriously injured, your bleeding
                  | wounds create thick armour. (AC +0) [demonic ancestry]
 60130 | Vaults:4 | Reached XP level 21. HP: 53/174 MP: 30/40
 60414 | Vaults:4 | Found a roughly hewn altar of Beogh.
 61576 | Vaults:4 | Reached skill level 18 in Fighting
 62461 | Vaults:5 | Entered Level 5 of the Vaults
 62886 | Vaults:5 | Noticed a golden dragon
 62906 | Vaults:5 | Killed a golden dragon
 63167 | Vaults:5 | Reached XP level 22. HP: 98/184 MP: 25/42
 63880 | Vaults:5 | Reached skill level 15 in Dodging
 63889 | Vaults:5 | Identified the +6 arbalest of Gehenna {flame, rElec rF+
                  | Dex+3 Stlth-}
 64040 | Vaults:5 | Got a silver rune of Zot
 64732 | Vaults:5 | Identified the +0 bardiche of Causality {drain, +Fly rPois
                  | MR+}
 66076 | Vaults:5 | Identified the Guide on Weightlessness and Moulding
 66556 | Depths:1 | Entered Level 1 of the Depths
 67041 | Elf:2    | Noticed Azrael
 67048 | Elf:2    | Killed Azrael
 67672 | Elf:2    | Found a runed translucent gate.
 67672 | Elf:2    | Found a runed translucent gate.
 67672 | Elf:2    | Found a runed translucent gate.
 67758 | Elf:2    | Gained mutation: A frigid envelope surrounds you and
                  | freezes all who hurt you. [demonic ancestry]
 67758 | Elf:2    | Reached XP level 23. HP: 66/190 MP: 18/43
 68972 | Elf:3    | Entered Level 3 of the Elven Halls
 69190 | Elf:3    | Reached skill level 5 in Earth Magic
 70111 | Elf:3    | Reached skill level 15 in Conjurations
 70536 | Elf:3    | Identified the cursed +1 robe "Fethivod" {Stlth+}
 70684 | Elf:3    | Identified the amulet "Kudwath" {Reflect rC++ rN+ Int-5
                  | SH+5 Stlth+}
 70950 | Elf:3    | Identified the cursed +3 scythe "Vuvvyruog" {spect, *Drain
                  | rN+ Int+2}
 70951 | Elf:3    | Identified the cursed +3 scythe "Vuvvyruog" {spect, *Drain
                  | rN+ Int+2}
 71026 | Elf:3    | Identified the +7 spear of Ventati {speed, rC++ Str+3}
 71218 | Elf:3    | Reached skill level 10 in Necromancy
 71494 | Elf:3    | Identified the Catalogue of Flight and the Rocks
 71504 | Elf:3    | Identified the Guide on Fascination and the Traveller
 72128 | D:15     | Learned a level 6 spell: Statue Form
 72613 | Orc:2    | Bought the Papyrus of Venomous Dark Arts for 720 gold
                  | pieces
 72621 | Orc:2    | Learned a level 5 spell: Borgnjor's Vile Clutch
 72874 | D:15     | Reached skill level 1 in Transmutations
 73224 | Depths:1 | Reached skill level 5 in Transmutations
 73275 | Depths:1 | Paralysed by a floating eye for 4 turns
 73521 | Depths:1 | Found a gateway to Hell.
 73681 | Depths:1 | Reached skill level 10 in Transmutations
 73862 | Depths:1 | Gained mutation: When seriously injured, your bleeding
                  | wounds create very thick armour. (AC +0) [demonic ancestry]
 73862 | Depths:1 | Reached XP level 24. HP: 197/197 MP: 43/43
 73934 | Depths:1 | Found a one-way gate to the infinite horrors of the Abyss.
 74182 | Depths:2 | Bought a +1 pair of boots of running for 876 gold pieces
 74509 | Depths:2 | Noticed Bai Suzhen
 74536 | Depths:2 | Killed Bai Suzhen
 74591 | Depths:2 | You fall into a shaft and drop 2 floors!
 74764 | Depths:4 | Upgraded the game from 0.26-a0-662-g8b9c6dab81 to
                  | 0.26-a0-667-g92642533e4
 74764 | Depths:4 | Quit the game

Illustrated notes

Levels and vault maps discovered:
D:1:      minmay_arrival_arboretum_small, layout_rooms, minmay_tree_intersection
D:2:      layout_loops_ring, minmay_goblin_kobold_house
D:3:      minmay_wonky_spiral, layout_loops_corners, vehumet_crystals,
          nicolae_underground_beach
D:4:      layout_loops_ring, cheibriados_altar_1, old_standard_altar,
          minmay_temple_entry_nine_rooms, roderic_batcave
D:5:      layout_loops_cross, kennysheep_mini_moat, nicolae_gozag_seed_capital,
          uniq_menkaure, uniq_edmund, uniq_ijyb
D:6:      layout_cave_pods, lemuel_round_altar, hangedman_decor_riveting
D:7:      layout_loops_ring, grunt_dithmenos_smoke_and_mirrors,
          elyvilon_altar_4, zin_angel
D:8:      layout_basic, nicolae_qazlal_style_of_elements,
          chequers_temple_overflow_statue_of_worship, blue_anna_alchemist
          [blue_anna_fruit_fields, blue_anna_fruit_fields], uniq_maurice
D:9:      layout_basic
D:10:     kennysheep_windowed_halls, layout_gridville, hangedman_fish_farm
D:11:     layout_layer_cave, dpeg_lair_monsters,
          kennysheep_orc_monster_closet_entryway, minivault_16
D:12:     minmay_wizard_corner, layout_cave_pods, kennysheep_nondescript
D:13:     layout_basic, uniq_snorg
D:14:     layout_irregular_city, lightli_vaults_fourway_checkpoint,
          serial_glass, glass_columns_c, glass_columns_a, glass_columns_a,
          glass_columns_c, glass_columns_c
D:15:     hangedman_depths_entry_try_elsewhere_first, layout_basic
Temple:   jpeg_temple_island
Lair:1:   layout_chaotic_city, lemuel_oklob_altar, lemuel_fruit_fields,
          infiniplex_staircase_pool_2, grunt_megastairs_4
Lair:2:   layout_gridlike, spider_nest_entry_a
Lair:3:   layout_regular_city, elwin_shoals_entry_stream, serial_bayou_lake_a,
          uniq_urug
Lair:4:   layout_regular_city, portal_ice_cave_entry_pillars_1
Lair:5:   layout_regular_city, lemuel_fruit_tree
Lair:6:   hangedman_lair_caniforms_friends, layout_regular_city, slime_altar_1,
          minivault_25, infiniplex_staircase_pool, uniq_rupert
Shoals:1: layout_shoals, ebering_ghost_disaster_area, uniq_louise
Shoals:2: layout_shoals, gammafunk_ghost_berserking_beasts
Shoals:3: layout_shoals, gammafunk_ghost_grave, serial_shops,
          nicolae_shop_crystal, overgrown_tower
Shoals:4: shoals_end_hangedman, layout_shoals
Spider:1: layout_chambers, uniq_asterion, uniq_frances, uniq_roxanne
Spider:2: layout_chambers, uniq_kirke
Spider:3: layout_spider_delve
Spider:4: floodkiller_spider_rune_tomb, uniq_mara, uniq_aizul
Orc:1:    layout_caves
Orc:2:    pubby_orc_utopia, serial_shops
Elf:1:    layout_geoelf_grid, minmay_elf_crystal_heptagon
Elf:2:    layout_geoelf_octagon, uniq_azrael
Elf:3:    minmay_elf_hall_x, layout_onion_city, einodemon_crawler_minivault,
          grunt_megastairs_1
Vaults:1: vaults_room_octagon, vaults_room_door_hall,
          ontoclasm_vaults_decontamination, hangedman_vaults_unwind,
          nicolae_vaults_ring_of_whatevers, ontoclasm_vaults_tryst,
          hangedman_vaults_cutoff, nicolae_vaults_little_squares_3,
          ontoclasm_vaults_eye, nicolae_vaults_yaktaur_gun_rack,
          layout_vaults_omnigrid, serial_shops, shop
Vaults:2: nicolae_vaults_what_the_h, minmay_crypt_entry_simple_corners,
          st_cells, hangedman_vaults_slice, v_misc_14, v_misc_19,
          vaults_room_octagon, hangedman_vaults_variations, v_misc_29,
          grunt_vaults_swirl, vaults_mumra_hex, v_misc_24, vaults_room_grid,
          ontoclasm_vaults_fault, nicolae_vaults_little_squares_4,
          vaults_room_large_hall, layout_vaults_omnibox, serial_shops,
          nicolae_shop_statue_plus, uniq_jory, uniq_mennas
Vaults:3: gammafunk_vaults_ghost_fury_of_okawaru,
          nicolae_vaults_network_quincunx
          [nicolae_vaults_network_quincunx_subvault,
          nicolae_vaults_network_quincunx_subvault,
          nicolae_vaults_network_quincunx_subvault,
          nicolae_vaults_network_quincunx_subvault,
          nicolae_vaults_network_quincunx_subvault], nicolae_vaults_network_s,
          v_misc_1, nicolae_vaults_circle_grid_a,
          ontoclasm_vaults_loading_screen, v_misc_26, nicolae_vaults_alarming,
          vaults_dpeg_ring, vaults_dpeg_hooks, layout_vaults_chaotic_city
Vaults:4: ontoclasm_vaults_misaligned, vaults_mumra_lcd,
          nicolae_vaults_network_periphery, nicolae_vaults_network_quinsquares
          [nicolae_vaults_network_quincunx_subvault,
          nicolae_vaults_network_quincunx_subvault,
          nicolae_vaults_network_quincunx_subvault,
          nicolae_vaults_network_quincunx_subvault],
          nicolae_vaults_ninety_degrees, hangedman_vaults_stretched_pinwheel,
          special_room_vaults [special_room_orc], vaults_room_stairs_pillars,
          v_pattern_1, nicolae_vaults_back_hallway, v_alt_pattern_1,
          nicolae_vaults_network_square, vaults_room_semicircle,
          hangedman_vaults_snaps, layout_vaults_maze_bifur, uniq_margery
Vaults:5: serial_shops
Depths:1: layout_honeycomb, abyss_entry, hell_entry, onia_ninara_cookie
Depths:2: lemuel_troll_bridge, layout_honeycomb, enter_ziggurat_a,
          corexii_corridor_pit, hell_entry, abyss_entry,
          minmay_staircase_windowed_large, serial_bayou_shore_b, uniq_bai_suzhen
Depths:4: kennysheep_large_spiral, layout_cave_shapes, kennysheep_cross_room,
          hellmouth_1, abyss_entry_small_statue_room, rand_demon_pan_entry_7,
          minmay_shoptagon, infiniplex_staircase_star, uniq_boris

Skill      XL: |  1  2  3  4  5  6  7  8  9 10 11 12 13 14 15 16 17 18 19 20 21 22 23 24 |
---------------+-------------------------------------------------------------------------+-----
Ice Magic      | 4 5 6 7 9 10 12 13 14 16 | 16.0
Spellcasting   | 3 4 5 8 10 12 13 14 15 16 | 16.0
Fighting       | 2 4 6 8 10 12 14 16 17 18 | 18.0
Shields        | 1 3 4 |  4.0
Summonings     | 1 3 |  3.0
Conjurations   | 1 3 8 10 12 16 | 16.0
Evocations     | 5 6 7 |  7.4
Armour         | 6 8 10 | 10.4
Dodging        | 6 8 10 13 16 17 | 17.6
Air Magic      | 1 4 |  4.0
Maces & Flails | 4 7 10 12 | 12.0
Necromancy     | 1 7 8 10 | 10.0
Earth Magic    | 2 4 6 |  6.0
Transmutations | 10 | 10.0
Stealth        | |  1.7

Action                   |  1- 3 |  4- 6 |  7- 9 | 10-12 | 13-15 | 16-18 | 19-21 | 22-24 || total
-------------------------+-------+-------+-------+-------+-------+-------+-------+-------++-------
Melee: Dagger            |    22 |    43 |       |       |       |       |       |       ||    65
       Headbutt          |     2 |    11 |    22 |    47 |   142 |   144 |   249 |   196 ||   813
       Spear             |       |    53 |    93 |       |       |       |       |       ||   146
       Morningstar       |       |       |    82 |   304 |   876 |    83 |       |       ||  1345
       Demon whip        |       |       |       |       |       |   728 |  1255 |   971 ||  2954
       Kick              |       |       |       |       |       |     6 |   382 |   231 ||   619
 Fire: Hunting sling     |       |   100 |   107 |     5 |       |       |       |       ||   212
Throw: Dart              |     2 |     4 |     2 |    22 |    23 |     5 |       |       ||    58
       Boomerang         |       |       |       |       |       |     1 |       |       ||     1
 Cast: Freeze            |    21 |     2 |       |       |     1 |       |       |       ||    24
       Frozen Ramparts   |     1 |    28 |    39 |    68 |   160 |   118 |    56 |    50 ||   520
       Hailstorm         |       |       |     3 |    16 |   117 |    55 |    17 |       ||   208
       Ozocubu's Armour  |       |       |     3 |    19 |    33 |    29 |    36 |    15 ||   135
       Summon Ice Beast  |       |       |     2 |    24 |    27 |    27 |     6 |       ||    86
       Mephitic Cloud    |       |       |       |       |     6 |     9 |     1 |     7 ||    23
       Freezing Cloud    |       |       |       |       |       |   182 |    88 |    69 ||   339
       Sublimation of Bl |       |       |       |       |       |    17 |     7 |    21 ||    45
       Iron Shot         |       |       |       |       |       |     7 |    11 |   137 ||   155
       Statue Form       |       |       |       |       |       |       |       |     7 ||     7
Invok: Potion Petition   |       |       |       |     1 |       |       |     2 |       ||     3
       Call Merchant     |       |       |       |       |     3 |     3 |       |     3 ||     9
Evoke: Wand              |       |       |       |     2 |     7 |       |       |       ||     9
       Condenser vane    |       |       |       |     1 |     1 |       |       |       ||     2
       Box of beasts     |       |       |       |       |       |       |     2 |       ||     2
  Use: Potion            |     1 |       |       |     4 |     6 |     2 |     3 |       ||    16
       Scroll            |       |       |    13 |    13 |    17 |    16 |     7 |     5 ||    71
 Stab: Sleeping          |     2 |     1 |     2 |     3 |     4 |     2 |     1 |       ||    15
       Distracted        |       |       |       |       |     6 |     6 |     6 |     6 ||    24
       Confused          |       |       |       |       |     2 |       |       |     5 ||     7
       Invisible         |       |       |       |       |       |     1 |       |       ||     1
Armor: Robe              |     8 |    36 |    42 |   132 |   281 |       |       |       ||   499
       Leather armour    |       |       |     3 |       |       |       |       |       ||     3
       Animal skin       |       |       |       |       |     8 |   242 |   166 |    77 ||   493
       Skin              |       |       |       |       |       |       |       |    71 ||    71
Dodge: Dodged            |    35 |    97 |   140 |   294 |  1029 |   689 |   499 |   564 ||  3347
Block: Buckler           |       |     5 |    45 |   129 |   763 |   572 |   533 |   406 ||  2453
       Reflection        |       |       |       |       |    27 |    35 |    59 |    34 ||   155

Table legend: (Time is in decaauts)
 A = Elapsed time spent in this place.
 B = Non-inter-level travel time spent in this place.
 C = Inter-level travel time spent in this place.
 D = Time resting spent in this place.
 E = Time spent auto-exploring this place.
 F = Levels seen in this place.
 G = Mean time per level.
                   A        B        C        D        E       F      G
               +--------+--------+--------+--------+--------+-----+--------+
         Total |  74845 |  69730 |   5115 |   4668 |  50058 |  44 | 1701.0 |
       Dungeon |  23507 |  21637 |   1870 |   1782 |  15550 |  15 | 1567.1 |
        Temple |    272 |    254 |     18 |      0 |    253 |   1 |  272.0 |
          Lair |  10157 |   9258 |    899 |     31 |   7389 |   6 | 1692.8 |
        Shoals |   5757 |   5509 |    248 |    247 |   4121 |   4 | 1439.2 |
   Spider Nest |   8054 |   7693 |    361 |    490 |   5667 |   4 | 2013.5 |
  Orcish Mines |   4164 |   3408 |    756 |     66 |   2330 |   2 | 2082.0 |
   Elven Halls |   6940 |   6495 |    445 |   1109 |   4095 |   3 | 2313.3 |
        Vaults |  11974 |  11470 |    504 |    551 |   8260 |   5 | 2394.8 |
        Depths |   1553 |   1543 |     10 |      0 |    926 |   3 |  517.7 |
      Ice Cave |   2464 |   2464 |      0 |    392 |   1463 |   1 | 2464.0 |
               +--------+--------+--------+--------+--------+-----+--------+

Top non-repeatable levels by time:
   Orc:2: 3481 daAuts
Vaults:5: 3457 daAuts
    D:11: 3428 daAuts
   Elf:3: 2841 daAuts
    D:15: 2659 daAuts
Spider:4: 2627 daAuts
Spider:2: 2577 daAuts
Vaults:4: 2488 daAuts
   IceCv: 2464 daAuts
Vaults:2: 2355 daAuts
   Elf:2: 2282 daAuts
  Lair:6: 2208 daAuts
    D:10: 2074 daAuts
  Lair:3: 2067 daAuts
Vaults:3: 1865 daAuts
